 Dungeon Crawl Stone Soup version 0.29.1-12-g30fa7ad0bf (webtiles) character file.

Game seed: 14823535324424734822

346 javelincjr the Fighter (level 6, 0/56 (57) HPs)
             Began as a Gnoll Wanderer on Dec 13, 2022.
             Was a Plaything of Xom.
             Slain by a necrophage (5 damage)
             ... on level 4 of the Dungeon.
             The game lasted 00:15:05 (2875 turns).

javelincjr the Fighter (Gnoll Wanderer)             Turns: 2875, Time: 00:15:06

HP:   0/56 (57)     AC: 10    Str: 17    XL:     6   Next: 59%
MP:   9/9           EV: 10    Int:  8    God:    Xom [....*.]
Gold: 220           SH:  0    Dex: 11    Spells: 9/9 levels left

rFire   . . .      SeeInvis .   u - +3 rapier (speed)
rCold   . . .      Faith    .   (no shield)
rNeg    . . .      Spirit   .   b - +0 scale mail
rPois   .          Reflect  .   (no helmet)
rElec   .          Harm     .   t - scarf {repulsion}
rCorr   .          Rampage  .   f - +0 pair of gloves
Will    +....                   p - +0 pair of boots
Stlth   ..........              (no amulet)
HPRegen 0.18/turn               y - ring of willpower
MPRegen 0.11/turn               (no ring)

@: mighty, lightly drained, repel missiles
A: fangs 1, strong nose, distributed training
a: Renounce Religion


You were on level 4 of the Dungeon.
You worshipped Xom.
You were a beloved toy of Xom.
You visited 1 branch of the dungeon, and saw 6 of its levels.

You collected 220 gold pieces.

Inventory:

Hand Weapons
 a - a +1 vorpal quarterstaff
 i - a +0 dagger of venom
 u - a +3 rapier of speed (weapon)
 v - a +0 arbalest
Missiles
 k - 6 poisoned darts
 s - a boomerang of dispersal
 A - 18 stones (quivered)
Armour
 b - a +0 scale mail (worn)
 f - a +0 pair of gloves (worn)
 p - a +0 pair of boots (worn)
 r - a scarf of shadows
 t - a scarf of repulsion (worn)
 C - a +1 cloak
Jewellery
 y - a ring of willpower (left hand)
Wands
 w - a wand of flame (6)
 E - a wand of mindburst (17)
 F - a wand of roots (11)
Scrolls
 l - 3 scrolls of amnesia {unknown}
 n - a scroll of enchant armour {unknown}
 q - a scroll of acquirement {unknown}
Potions
 d - a potion of might
 e - 2 potions of heal wounds {unknown}
 g - a potion of flight {unknown}
 h - a potion of magic {unknown}
 j - a potion of berserk rage {unknown}
 m - 4 potions of mutation {unknown}
 o - 2 potions of haste {unknown}
 x - a potion of cancellation {unknown}
 z - 2 potions of brilliance {unknown}
 B - a potion of degeneration {unknown}
 D - a potion of curing {unknown}


   Skills:
 + Level 8.8 Fighting
 + Level 2.1 Short Blades
 + Level 2.1 Long Blades
 + Level 2.1 Axes
 + Level 2.1 Maces & Flails
 + Level 2.1 Polearms
 + Level 6.9 Staves
 + Level 2.1 Ranged Weapons
 + Level 2.1 Throwing
 + Level 6.9 Armour
 + Level 2.1 Dodging
 + Level 2.1 Stealth
 + Level 2.1 Shields
 + Level 2.1 Unarmed Combat
 + Level 2.1 Spellcasting
 + Level 1.6 Conjurations
 + Level 1.6 Hexes
 + Level 1.6 Summonings
 + Level 1.6 Necromancy
 + Level 1.6 Translocations
 + Level 1.6 Transmutations
 + Level 1.6 Fire Magic
 + Level 1.6 Ice Magic
 + Level 1.6 Air Magic
 + Level 1.6 Earth Magic
 + Level 1.6 Poison Magic
 + Level 2.3 Invocations
 + Level 2.1 Evocations


You had 9 spell levels left.
You didn't know any spells.
Your spell library was empty.

Dungeon Overview and Level Annotations

Branches:
Dungeon (6/15)
 Temple: D:4-7

Altars:
Xom

Annotations:
D:4 Pikel
D:5 Ijyb


Innate Abilities, Weirdness & Mutations

You have very sharp teeth.
Your uncanny sense of smell can sniff out nearby items.
Your experience applies equally to all skills.


Message History

The adder bites you but does no damage. The necrophage barely misses you.
You barely miss the necrophage.
The necrophage is lightly damaged.
The adder bites you but does no damage.
You completely miss the necrophage. Your bite misses the necrophage.
The necrophage is lightly damaged.
The necrophage completely misses you. The adder closely misses you.
The necrophage attacks as you move away!
The necrophage hits you but does no damage.
The giant cockroach bites you but does no damage.
The adder attacks as you move away! The adder bites you but does no damage.
The giant cockroach attacks as you move away!
The giant cockroach closely misses you. The adder closely misses you.
You hit the adder. Your bite misses the adder.
The adder is lightly wounded.
The adder completely misses you.
You miss the adder.
The adder is lightly wounded.
The adder bites you but does no damage.
You miss the adder.
The adder is lightly wounded.
The adder barely misses you.
You miss the adder.
The adder is lightly wounded.
The adder misses you.
You puncture the adder!
The adder is severely wounded.
The adder bites you but does no damage.
You puncture the adder!
You kill the adder!
You hit the giant cockroach.
You kill the giant cockroach!
You closely miss the necrophage. You bite the necrophage!
The necrophage is moderately damaged.
The necrophage closely misses you.
You closely miss the necrophage.
The necrophage is moderately damaged.
The necrophage hits you.
You die...
Xom chortles!

.............#.## #.#
................##..#
................#.)#
............(.....#
...........#......
..w.....##......##
.....O..#..#....5#
..$...5.#.##...#n#
........#.##...#@#
...............#..#
.......#.###...##...
#......#.'###### ###+
########.#.≈ #.#≈..
#.# .#~ #.# .~~ #.#
~~#


You could see a lemure and a necrophage.

Vanquished Creatures
  A sky beast (D:6)
  A howler monkey (D:6)
  A hound (D:6)
  Terence (D:3)
  An iguana (D:6)
  A gnoll (D:1)
  3 adders
  5 orcs
  14 ball pythons
  6 bats
  4 endoplasms
  15 giant cockroaches
  5 goblins
  9 hobgoblins
  4 jackals (D:1)
  8 kobolds
  2 quokkas
  2 frilled lizards
  7 rats
90 creatures vanquished.

Vanquished Creatures (others)
  An orc (D:6)
  13 plants (D:1)
14 creatures vanquished.

Grand Total: 104 creatures vanquished

Notes
Turn   | Place    | Note
-------+----------+-------------------------------------------
     0 | D:1      | javelincjr the Gnoll Wanderer began the quest for the Orb.
     0 | D:1      | javelincjr set off with the following items: a +1 vorpal
                  | quarterstaff, a +0 scale mail, a scroll of fear.
     0 | D:1      | Reached XP level 1. HP: 26/26 MP: 1/1
    48 | D:1      | Reached XP level 2. HP: 8/33 MP: 2/2
   164 | D:1      | Reached XP level 3. HP: 15/38 MP: 3/3
   430 | D:1      | Reached skill level 1 in Invocations
   465 | D:1      | Found a faded altar of an unknown god.
   475 | D:1      | Prayed at the altar of an unknown god.
   475 | D:1      | Became a worshipper of Xom of Unknown Intention
   698 | D:1      | Reached skill level 1 in Short Blades
   698 | D:1      | Reached skill level 1 in Long Blades
   698 | D:1      | Reached skill level 1 in Axes
   698 | D:1      | Reached skill level 1 in Maces & Flails
   698 | D:1      | Reached skill level 1 in Polearms
   698 | D:1      | Reached skill level 1 in Ranged Weapons
   698 | D:1      | Reached skill level 1 in Throwing
   698 | D:1      | Reached skill level 1 in Dodging
   698 | D:1      | Reached skill level 1 in Stealth
   698 | D:1      | Reached skill level 1 in Shields
   698 | D:1      | Reached skill level 1 in Unarmed Combat
   698 | D:1      | Reached skill level 1 in Spellcasting
   698 | D:1      | Reached skill level 1 in Evocations
   743 | D:1      | XOM: silly message
   996 | D:1      | XOM: silly message
  1128 | D:1      | XOM: silly message
  1235 | D:2      | XOM: silly message
  1262 | D:2      | Reached XP level 4. HP: 43/45 MP: 5/5
  1449 | D:2      | XOM: silly message
  1471 | D:2      | XOM: potion effect (brilliance)
  1633 | D:2      | Reached skill level 1 in Conjurations
  1633 | D:2      | Reached skill level 1 in Hexes
  1633 | D:2      | Reached skill level 1 in Summonings
  1633 | D:2      | Reached skill level 1 in Necromancy
  1633 | D:2      | Reached skill level 1 in Translocations
  1633 | D:2      | Reached skill level 1 in Transmutations
  1633 | D:2      | Reached skill level 1 in Fire Magic
  1633 | D:2      | Reached skill level 1 in Ice Magic
  1633 | D:2      | Reached skill level 1 in Air Magic
  1633 | D:2      | Reached skill level 1 in Earth Magic
  1633 | D:2      | Reached skill level 1 in Poison Magic
  2013 | D:3      | Noticed Terence
  2018 | D:3      | XOM: confuse monster(s)
  2025 | D:3      | Killed Terence
  2026 | D:3      | Reached XP level 5. HP: 45/51 MP: 5/7
  2165 | D:3      | Found a shimmering altar of Xom.
  2308 | D:3      | XOM: god gift: 6 stones
  2460 | D:3      | You fall into a shaft and drop 3 floors!
  2464 | D:6      | XOM: scenery: summon butterflies
  2470 | D:6      | XOM: 8-stop teleportation journey
  2583 | D:6      | Noticed a sky beast
  2711 | D:6      | Killed a sky beast
  2712 | D:6      | Reached XP level 6. HP: 57/57 MP: 8/8
  2786 | D:6      | Noticed a water moccasin
  2789 | D:6      | XOM: confuse monster(s)
  2811 | D:6      | XOM: destruction
  2815 | D:6      | XOM: potion effect (might)
  2819 | D:5      | Entered Level 5 of the Dungeon
  2819 | D:5      | Noticed Ijyb
  2830 | D:5      | XOM: cast spell 'Cause Fear'
  2837 | D:4      | Noticed Pikel
  2860 | D:4      | HP: 2/55 [necrophage (3)]
  2875 | D:4      | Slain by a necrophage

Illustrated notes

Levels and vault maps discovered:
D:1:      minmay_arrival_open_corners, layout_loops_ring,
          hellmonk_ecumenical_altar_lost_god, nicolae_grassy_gnolls
D:2:      layout_rooms
D:3:      minmay_roachtagon, layout_basic, mainiacjoe_overflow_six_doors_small,
          hangedman_decor_points, minivault_14, minmay_quantized, uniq_terence
D:4:      layout_rooms, kennysheep_mini, mainiacjoe_overflow_chevrons,
          mainiacjoe_overflow_24_doors, mainiacjoe_overflow_large_starburst,
          kennysheep_pointless_box, uniq_menkaure, uniq_pikel
D:5:      layout_basic, jmf_multi_god_temple2, minivault_5, kennysheep_donut,
          kennysheep_cross_room, uniq_edmund, uniq_eustachio, uniq_ijyb,
          uniq_grinder
D:6:      layout_rooms, grunt_dithmenos_smoke, nicolae_good_shop

Skill      XL: |  1  2  3  4  5  6 |
---------------+-------------------+-----
Invocations    | 1 2 |  2.3
Short Blades   | 1 2 |  2.1
Long Blades    | 1 2 |  2.1
Axes           | 1 2 |  2.1
Maces & Flails | 1 2 |  2.1
Polearms       | 1 2 |  2.1
Ranged Weapons | 1 2 |  2.1
Throwing       | 1 2 |  2.1
Dodging        | 1 2 |  2.1
Stealth        | 1 2 |  2.1
Shields        | 1 2 |  2.1
Unarmed Combat | 1 2 |  2.1
Spellcasting   | 1 2 |  2.1
Evocations     | 1 2 |  2.1
Conjurations   | 1 |  1.6
Hexes          | 1 |  1.6
Summonings     | 1 |  1.6
Necromancy     | 1 |  1.6
Translocations | 1 |  1.6
Transmutations | 1 |  1.6
Fire Magic     | 1 |  1.6
Ice Magic      | 1 |  1.6
Air Magic      | 1 |  1.6
Earth Magic    | 1 |  1.6
Poison Magic   | 1 |  1.6
Fighting       | |  8.8
Staves         | |  6.9
Armour         | |  6.9

Action                   |  1- 3 |  4- 6 || total
-------------------------+-------+-------++-------
Melee: Quarterstaff      |   119 |    44 ||   163
       Bite              |     7 |    12 ||    19
       Rapier            |       |   114 ||   114
Throw: Stone             |       |     9 ||     9
  Use: Scroll            |     2 |     3 ||     5
       Potion            |     1 |     1 ||     2
 Stab: Sleeping          |       |     1 ||     1
       Confused          |       |     1 ||     1
Armor: Scale mail        |    53 |   136 ||   189
Dodge: Dodged            |    41 |   120 ||   161
